Map: Inside and Out

Players

WakaK - Winner!

  • Race: Protoss Protoss
  • League: Diamond
  • Spawn Location: 1:00

oldcopy

  • Race: Protoss Protoss
  • League: Diamond
  • Spawn Location: 7:00

VOD

Have the link to the VOD?

Description

Time

  • Played on: Oct. 3, 2022, 10:14 a.m.
  • Length: 4:57
Show
View Real Time Build Order
Export as new Build Order

WakaK Protoss - Winner!

Build Orders: Blink Stalkers 

Get SALT Encoding   

  12  0:00  Probe  
  13  0:12  Probe  
  14  0:17  Pylon  
  14  0:24  Probe (Chrono Boost)  
  15  0:37  Probe (Chrono Boost)  
  15  0:40  Gateway  
  16  0:44  Probe (Chrono Boost)  
  16  0:45  Assimilator  
  17  0:51  Probe  
  17  0:54  Assimilator  
  18  1:03  Probe (Chrono Boost)  
  19  1:08  Gateway  
  19  1:15  Probe (Chrono Boost)  
  20  1:20  Probe (Chrono Boost)  
  21  1:28  Cybernetics Core  
  21  1:29  Probe  
  22  1:33  Pylon  
  22  1:41  Probe  
  23  2:04  Stalker x2, Warp Gate  
  27  2:09  Twilight Council  
  27  2:13  Pylon  
  27  2:34  Stalker x2  
  31  2:47  Pylon  
  31  2:48  Blink (Chrono Boost)  
  31  3:02  Gateway  
  31  3:18  Stalker x2  
  33  3:21  Gateway  
  33  3:56  Stalker x3  
  39  4:02  Pylon  
  39  4:21  Stalker x4  
Show
View Real Time Build Order
Export as new Build Order

oldcopy Protoss 

Build Orders:  

Get SALT Encoding   

  12  0:00  Probe  
  13  0:12  Probe  
  14  0:17  Pylon  
  14  0:24  Probe (Chrono Boost)  
  16  0:37  Gateway, Probe (Chrono Boost)  
  16  0:42  Probe (Chrono Boost)  
  16  0:46  Assimilator  
  17  0:52  Probe (Chrono Boost)  
  17  0:55  Assimilator  
  18  1:04  Probe (Chrono Boost)  
  19  1:11  Gateway  
  19  1:13  Probe (Chrono Boost)  
  20  1:21  Probe  
  20  1:25  Cybernetics Core  
  21  1:32  Pylon  
  21  1:33  Probe  
  22  1:45  Probe  
  23  1:57  Probe  
  24  2:01  Warp Gate (Chrono Boost)  
  24  2:02  Stalker x2  
  28  2:16  Pylon  
  28  2:28  Twilight Council  
  28  2:37  Stalker  
  28  2:39  Stalker  
  31  2:54  Shield Battery  
  31  3:02  Robotics Facility  
  30  3:33  Probe  
  31  3:43  Stalker x2  
  35  3:57  Observer  
  35  3:59  Nexus  
  36  4:03  Assimilator, Pylon  
  36  4:07  Assimilator  
  36  4:10  Pylon  
  36  4:13  Shield Battery  
  36  4:23  Observer  
  37  4:24  Stalker  
  37  4:30  Stalker  
  41  4:33  Probe  
Tags
 
Composition
Blink Stalkers
Matchup
PvP
Spawn Locations
Cross Positions
Add a new tag
Caveats
  • Supply blocks, unpowered buildings, or Contaminate may cause inaccurate times.
  • Supply counts are checked every 10 seconds.